 Dungeon Crawl Stone Soup version 0.30.0-29-ga12c61a403 (webtiles) character file.

Game seed: 7781347323728788290

434 Bnni the Digger (level 7, -3/51 HPs)
             Began as a Formicid Earth Elementalist on June 24, 2023.
             Slain by Menkaure (15 damage)
             ... on level 3 of the Dungeon.
             The game lasted 00:07:25 (4168 turns).

Bnni the Digger (Formicid Earth Elementalist)       Turns: 4168, Time: 00:07:26

Health: -3/51      AC:  6    Str: 13    XL:     7   Next: 20%
Magic:  7/11       EV: 10    Int: 16    God:
Gold:   135        SH:  0    Dex: 14    Spells: 2/12 levels left

rFire   . . .        d - +0 whip
rCold   . . .        p - orb {*channel}
rNeg    . . .        e - +0 ring mail
rPois   .            (helmet unavailable)
rElec   .            (no cloak)
rCorr   .            m - +0 pair of gloves
SInv    +            (no boots)
Will    .....        (no amulet)
Stlth   +            (no ring)
HPRegen 0.28/turn    (no ring)
MPRegen 0.12/turn

%: channel magic (20%)
@: no status effects
A: permanent stasis, dig shafts and tunnels, antennae 3, four strong arms
a: Dig, Shaft Self


You were on level 3 of the Dungeon.
You visited 1 branch of the dungeon, and saw 3 of its levels.

You collected 135 gold pieces.

Inventory:

Hand Weapons
 d - a +0 whip (weapon)
Missiles
 t - 5 poisoned darts
Armour
 e - a +0 ring mail (worn)
 f - a +0 chain mail
 k - a +0 scale mail
 m - a +0 pair of gloves (worn)
 p - an orb of energy (worn)
Wands
 n - a wand of flame (13)
Scrolls
 c - 2 scrolls of teleportation {unknown}
 h - a scroll of poison {unknown}
 l - a scroll of acquirement
 o - 2 scrolls of fear {unknown}
Potions
 a - 2 potions of curing
 b - 2 potions of magic
 g - a potion of resistance {unknown}
 i - a potion of cancellation
 j - a potion of flight
 q - a potion of invisibility {unknown}
 r - a potion of attraction {unknown}
 s - a potion of heal wounds {unknown}
 u - 2 potions of ambrosia {unknown}
 v - a potion of brilliance {unknown}


   Skills:
 + Level 2.4 Fighting
 + Level 1.3 Armour
 - Level 1.7 Dodging
 - Level 2.4 Stealth
 + Level 3.3 Spellcasting
 - Level 3.0 Conjurations
 - Level 3.0 Transmutations
 * Level 5.7 Earth Magic


You had 2 spell levels left.
You knew the following spells:

 Your Spells              Type           Power      Damage    Failure   Level
a - Sandblast             Erth           40%        2d10      12%         1
b - Passwall              Tmut/Erth      13%        N/A       24%         2
c - Stone Arrow           Conj/Erth      32%        3d9       38%         3
d - Petrify               Tmut/Erth      16%        N/A       75%         4

Your spell library contained the following spells:

 Spells                   Type           Power      Damage    Failure   Level
 Summon Small Mammal      Summ           8%         N/A       58%         1
 Call Canine Familiar     Summ           2%         N/A       89%         3
 Summon Guardian Golem    Hex/Summ       2%         N/A       89%         3


Dungeon Overview and Level Annotations

Branches:
Dungeon (3/15)

Altars:
Kikubaaqudgha
Ru
Yredelemnul

Annotations:
D:3 1 transporter, Menkaure


Innate Abilities, Weirdness & Mutations

You cannot be hasted, slowed, berserked, paralysed or teleported.
You can dig through walls and to a lower floor.
You have a pair of large antennae on your head. (SInv)
Your four strong arms can wield two-handed weapons with a shield.


Message History

v - a viscous yellow potion Partly explored, unvisited transporter.
There is a stone staircase leading down here.
Menkaure shouts!
There is a transporter here.
Okay, then.
You enter the transporter and appear at another place.
Menkaure gestures wildly while chanting.
Menkaure seems to speed up.
The adder zombie barely misses you.
The adder zombie attacks as you move away!
The adder zombie bites you.
Aiming: Sandblast (safe; 12% risk of failure)
Press: ? - help, Q - select action, (/) - cycle Shift-Dir - straight line, f - adder zombie
Aim: an adder zombie (83% to hit)
The blast of sand hits the adder zombie!
You destroy the adder zombie!
Menkaure casts a spell at you. Pain shoots through your body!
Aiming: Sandblast (safe; 12% risk of failure)
Press: ? - help, Q - select action, (/) - cycle Shift-Dir - straight line, f - adder skeleton
Aim: an adder skeleton (87% to hit)
The blast of sand hits the adder skeleton!
The adder skeleton is severely damaged.
The adder skeleton bites you but does no damage. x2
Aiming: Sandblast (safe; 12% risk of failure)
Press: ? - help, Q - select action, (/) - cycle Shift-Dir - straight line, f/p - adder skeleton
Aim: an adder skeleton (severely damaged, 87% to hit)
The blast of sand hits the adder skeleton!
You destroy the adder skeleton!
Menkaure hits you!
Aiming: Sandblast (safe; 12% risk of failure)
Press: ? - help, Q - select action, (/) - cycle Shift-Dir - straight line, f - Menkaure
Aim: Menkaure (fast, 92% to hit)
The blast of sand hits Menkaure!
Menkaure is moderately damaged.
Menkaure's bandages flutter.
Menkaure hits you!!
* * * LOW HITPOINT WARNING * * *
Menkaure hits you!
You die...

......+........############.##..#
.............©............#.##..#
##.###.#############.####.#.....#
...# #.#...........#.# #.####..#
#### #.#...........#.# #.# #..#
#.#..##...##..#.# #.####..#
#.#..#8...8#..#.# #.##....#
######.#..##...##..#.# #.##.#..#
.......#.....©ZM@..#.# #.#..#..#
######.#..##...##..#.####.#.##..#
#.#..#8...8#..#....).>÷##..#
#.#..##...##..#.##)#.......#
#.#...........#.##)######..#
#.#.:$_)⌠[_$)©#.........#..#
#.#############.##.####.#..#
#.......©.......##.# #.#..#
#######...####.###.####.#.##


You could see Menkaure (fast) and a quokka zombie.

Vanquished Creatures
  2 orc priests
  Jessica (D:3)
  Natasha (thrice) (D:2)
  Terence (D:2)
  An orc wizard (D:3)
  Robin (D:3)
  6 adders
  3 gnolls (D:2)
  An adder skeleton (D:3)
  An adder zombie (D:3)
  2 worms (D:2)
  5 dart slugs
  7 orcs
  10 ball pythons
  7 endoplasms
  6 giant cockroaches
  13 goblins
  13 hobgoblins
  3 jackals
  5 quokkas
  5 bats
  3 frilled lizards
  6 kobolds
  3 rats
108 creatures vanquished.

Notes
Turn   | Place    | Note
-------+----------+-------------------------------------------
     0 | D:1      | Bnni the Formicid Earth Elementalist began the quest for
                  | the Orb.
     0 | D:1      | Reached XP level 1. HP: 13/13 MP: 3/3
   115 | D:1      | Reached XP level 2. HP: 19/19 MP: 0/5
   362 | D:1      | Reached skill level 4 in Earth Magic
   440 | D:1      | Reached XP level 3. HP: 25/25 MP: 2/6
   558 | D:1      | Reached skill level 1 in Conjurations
  1356 | D:2      | Reached XP level 4. HP: 31/31 MP: 5/7
  1383 | D:2      | Reached skill level 1 in Fighting
  1562 | D:2      | Noticed Terence
  1571 | D:2      | Killed Terence
  1601 | D:2      | Reached XP level 5. HP: 29/37 MP: 0/8
  1629 | D:2      | Learned a level 2 spell: Passwall
  1633 | D:2      | Learned a level 3 spell: Stone Arrow
  2090 | D:2      | Noticed Natasha
  2095 | D:2      | Killed Natasha
  2268 | D:2      | Noticed Natasha
  2275 | D:2      | Killed Natasha
  2385 | D:2      | Reached XP level 6. HP: 32/44 MP: 5/10
  2502 | D:2      | Noticed Natasha
  2509 | D:2      | Killed Natasha
  2510 | D:2      | Reached skill level 5 in Earth Magic
  2964 | D:3      | Noticed Robin
  2993 | D:3      | Killed Robin
  3185 | D:3      | Found a sacrificial altar of Ru.
  3189 | D:3      | Identified a scroll of acquirement
  3258 | D:3      | Found a transporter.
  3282 | D:3      | Found a basalt altar of Yredelemnul.
  3317 | D:3      | Noticed Menkaure
  3323 | D:3      | Found an ancient bone altar of Kikubaaqudgha.
  3326 | D:3      | Found a transporter.
  3377 | D:3      | Reached skill level 1 in Armour
  3421 | D:3      | Reached XP level 7. HP: 51/51 MP: 9/11
  3817 | D:3      | Learned a level 4 spell: Petrify
  4029 | D:3      | Noticed Jessica
  4033 | D:3      | Killed Jessica
  4168 | D:3      | Slain by Menkaure

Illustrated notes

Levels and vault maps discovered:
D:1:      dpeg_arrival_three_smaller_balls, layout_basic, minivault_14,
          minivault_4, skrybe_limestone_x, minmay_heptomino_l4
D:2:      layout_basic, serial_curves, eino_curves_04, eino_curves_02,
          uniq_terence, uniq_natasha
D:3:      minmay_chambers_of_twos, layout_basic, mainiacjoe_overflow_paths,
          gammafunk_temple_of_torment, uniq_robin, uniq_jessica

Skill      XL: |  1  2  3  4  5  6  7 |
---------------+----------------------+-----
Earth Magic    | 4 5 |  5.7
Conjurations   | 1 2 3 |  3.0
Transmutations | 2 3 |  3.0
Fighting       | 1 2 |  2.4
Spellcasting   | 3 |  3.3
Armour         | 1 |  1.3
Dodging        | |  1.7
Stealth        | |  2.4

Action                     |  1- 3 |  4- 6 |  7- 9 || total
---------------------------+-------+-------+-------++-------
  Melee: Unarmed           |     1 |       |       ||     1
         Whip              |     8 |    37 |       ||    45
   Cast: Sandblast         |    48 |   100 |    26 ||   174
    Use: Scroll            |     3 |     2 |       ||     5
   Stab: Sleeping          |       |     1 |       ||     1
 Armour: Robe              |     8 |    12 |       ||    20
         Ring mail         |       |    30 |     6 ||    36
  Dodge: Dodged            |    41 |    54 |     6 ||   101
